PAAA
BAY CITY BOMBERS @ SALT LAKE CITY BUZZ
08/21/2021
 
TOP OF THE 1ST
Bay City Bombers batting - Pitching for Salt Lake City Buzz : RHP Huai-yu Kan
Pitching: RHP Huai-yu Kan
Batting: RHB Jim Unknown 0-0: SINGLE (Line Drive, 78S)
Batting: LHB Bastyão Lizardo 0-0: Called Strike
0-1: Called Strike
0-2: Ball
Jim Unknown is caught stealing 2nd base
1-2: Ball
2-2: Ball
3-2: Strikes out swinging
Batting: RHB Albert Morales 0-0: Called Strike
0-1: Fly out, F7 (Flyball, 7M)
Top of the 1st over - 0 run(s), 1 hit(s), 0 error(s), 0 left on base; Bay City 0 - Salt Lake City 0
BOTTOM OF THE 1ST
Salt Lake City Buzz batting - Pitching for Bay City Bombers : LHP Gordon Wiggins
Pitching: LHP Gordon Wiggins
Batting: RHB Roger Osborne 0-0: Ball
1-0: Called Strike
1-1: Foul Ball, location: 2F
1-2: Fly out, F8 (Flyball, 89D)
Batting: RHB Ichiyo Fujii 0-0: Foul Ball, location: 2F
0-1: Ball
1-1: Ball
2-1: Fly out, F8 (Line Drive, 8RM)
Batting: SHB Raymond Bright 0-0: Ground out 5-3 (Groundball, 56)
Bottom of the 1st over - 0 run(s), 0 hit(s), 0 error(s), 0 left on base; Bay City 0 - Salt Lake City 0
TOP OF THE 2ND
Bay City Bombers batting - Pitching for Salt Lake City Buzz : RHP Huai-yu Kan
Batting: LHB Jim Unknown 0-0: Ball
1-0: Called Strike
1-1: Fly out, F7 (Flyball, 7M)
Batting: RHB Barry Martínez 0-0: Called Strike
0-1: Ball
1-1: SINGLE (Line Drive, 8LS)
Batting: RHB Gilberto Patino 0-0: Foul Ball, location: 2F
0-1: Ball
1-1: Ball
2-1: Swinging Strike
2-2: Foul Ball, location: 2F
2-2: Strikes out swinging
Batting: LHB Mito Rin 0-0: Ball
1-0: Foul Ball, location: 2F
1-1: Ball
2-1: Ball
3-1: Foul Ball, location: 2F
3-2: Base on Balls
Barry Martínez to second
Batting: SHB Jim Unknown 0-0: Ball
1-0: Fly out, F4 (Popup, 34)
Top of the 2nd over - 0 run(s), 1 hit(s), 0 error(s), 2 left on base; Bay City 0 - Salt Lake City 0
BOTTOM OF THE 2ND
Salt Lake City Buzz batting - Pitching for Bay City Bombers : LHP Gordon Wiggins
Batting: LHB Martín Núñes 0-0: Foul Ball, location: 2F
0-1: Swinging Strike
0-2: Ball
1-2: Ball
2-2: Strikes out swinging
Batting: RHB Roberto Ríos 0-0: Fly out, F4 (Popup, 4D)
Batting: SHB Shelby Reusch 0-0: Ground out 5-3 (Groundball, 5S)
Bottom of the 2nd over - 0 run(s), 0 hit(s), 0 error(s), 0 left on base; Bay City 0 - Salt Lake City 0
TOP OF THE 3RD
Bay City Bombers batting - Pitching for Salt Lake City Buzz : RHP Huai-yu Kan
Batting: RHB Joe Andrews 0-0: Ball
1-0: Ball
2-0: Ball
3-0: Called Strike
3-1: Swinging Strike
3-2: Base on Balls
Batting: RHB Jim Unknown 0-0: Called Strike
0-1: Called Strike
0-2: Grounds into double play, 5-4-3 (Groundball, 56)
Batting: LHB Bastyão Lizardo 0-0: Ground out U3 (Groundball, 3L)
Top of the 3rd over - 0 run(s), 0 hit(s), 0 error(s), 0 left on base; Bay City 0 - Salt Lake City 0
BOTTOM OF THE 3RD
Salt Lake City Buzz batting - Pitching for Bay City Bombers : LHP Gordon Wiggins
Batting: RHB Don MacNeilage 0-0: Fly out, F7 (Flyball, 78M)
Batting: RHB Larry Brown 0-0: Ball
1-0: Called Strike
1-1: Ball
2-1: Ball
3-1: Fly out, F8 (Flyball, 78M)
Batting: LHB George Huffman 0-0: Called Strike
0-1: Swinging Strike
0-2: Ball
1-2: Hit by Pitch
Batting: RHB Roger Osborne 0-0: Ball
1-0: Foul Ball, location: 2F
1-1: Ball
2-1: Swinging Strike
2-2: Foul Ball, location: 2F
2-2: Ball
3-2: Base on Balls
George Huffman to second
Batting: RHB Ichiyo Fujii 0-0: Called Strike
0-1: Ball
1-1: SINGLE (Groundball, 56D)
George Huffman to third
Roger Osborne to second
Runner from 3rd tries for Home, SAFE, no throw or cutoff
Batting: SHB Raymond Bright 0-0: Ball
1-0: Fly out, F9 (Flyball, 9D)
Bottom of the 3rd over - 1 run(s), 1 hit(s), 0 error(s), 2 left on base; Bay City 0 - Salt Lake City 1
TOP OF THE 4TH
Bay City Bombers batting - Pitching for Salt Lake City Buzz : RHP Huai-yu Kan
Batting: RHB Albert Morales 0-0: Called Strike
0-1: Fly out, F6 (Line Drive, 6D)
Batting: LHB Jim Unknown 0-0: Ball
1-0: Swinging Strike
1-1: Ball
2-1: Ball
3-1: Ground out U3 (Groundball, 3)
Batting: RHB Barry Martínez 0-0: Ball
1-0: Ball
2-0: Ground out 5-3 (Groundball, 5)
Top of the 4th over - 0 run(s), 0 hit(s), 0 error(s), 0 left on base; Bay City 0 - Salt Lake City 1
BOTTOM OF THE 4TH
Salt Lake City Buzz batting - Pitching for Bay City Bombers : LHP Gordon Wiggins
Batting: LHB Martín Núñes 0-0: SINGLE (Line Drive, 78S)
Batting: RHB Roberto Ríos 0-0: Ball
1-0: Fly out, F8 (Flyball, 8RM)
Batting: SHB Shelby Reusch 0-0: Called Strike
0-1: Foul Ball, location: 2F
0-2: Ball
1-2: Ball
2-2: SINGLE (Line Drive, 78S)
Martín Núñes to second
Batting: RHB Don MacNeilage 0-0: Ball
1-0: Foul Ball, location: 2F
1-1: Fly out, F7 (Flyball, 7LD)
Runner from 2nd tags up, SAFE at 3rd, no throw
Batting: RHB Larry Brown 0-0: SINGLE (Groundball, 56D)
Martín Núñes scores
Shelby Reusch to second
Batting: LHB George Huffman 0-0: Swinging Strike
0-1: Fly out, F7 (Line Drive, 78M)
Bottom of the 4th over - 1 run(s), 3 hit(s), 0 error(s), 2 left on base; Bay City 0 - Salt Lake City 2
TOP OF THE 5TH
Bay City Bombers batting - Pitching for Salt Lake City Buzz : RHP Huai-yu Kan
Batting: RHB Gilberto Patino 0-0: Foul Ball, location: 2F
0-1: Swinging Strike
0-2: Ball
1-2: Ball
2-2: Ball
3-2: Strikes out swinging
Batting: LHB Mito Rin 0-0: Swinging Strike
0-1: Fly out, F3 (Line Drive, 3S)
Batting: SHB Jim Unknown 0-0: Ball
1-0: Ball
2-0: Ball
3-0: Called Strike
3-1: Ground out 3-1 (Groundball, 34)
Top of the 5th over - 0 run(s), 0 hit(s), 0 error(s), 0 left on base; Bay City 0 - Salt Lake City 2
BOTTOM OF THE 5TH
Salt Lake City Buzz batting - Pitching for Bay City Bombers : LHP Gordon Wiggins
Batting: RHB Roger Osborne 0-0: Ball
1-0: Ground out 6-3 (Groundball, 6M)
Batting: RHB Ichiyo Fujii 0-0: Called Strike
0-1: Called Strike
0-2: Foul Ball, location: 2F
0-2: Fly out, F9 (Flyball, 9M)
Batting: SHB Raymond Bright 0-0: Called Strike
0-1: Ball
1-1: Ball
2-1: Fly out, F8 (Line Drive, 8LS)
Bottom of the 5th over - 0 run(s), 0 hit(s), 0 error(s), 0 left on base; Bay City 0 - Salt Lake City 2
TOP OF THE 6TH
Bay City Bombers batting - Pitching for Salt Lake City Buzz : RHP Huai-yu Kan
Batting: RHB Joe Andrews 0-0: Called Strike
0-1: Ball
1-1: Ball
2-1: Ball
3-1: Swinging Strike
3-2: Foul Ball, location: 2F
3-2: Foul Ball, location: 2F
3-2: Foul Ball, location: 2F
3-2: Fly out, F5 (Popup, 5L)
Batting: RHB Jim Unknown 0-0: Swinging Strike
0-1: Called Strike
0-2: Ball
1-2: Ball
2-2: Foul Ball, location: 2F
2-2: Ground out 4-3 (Groundball, 34)
Batting: LHB Bastyão Lizardo 0-0: SINGLE (Line Drive, 6D)
Batting: RHB Albert Morales 0-0: Called Strike
0-1: Ball
1-1: Swinging Strike
1-2: Hit by Pitch
Bastyão Lizardo to second
Batting: LHB Jim Unknown 0-0: Ball
1-0: Foul Ball, location: 2F
1-1: Called Strike
1-2: Ball
2-2: Ball
3-2: SINGLE (Groundball, 4M)
Bastyão Lizardo to third
Albert Morales to second
Bastyão Lizardo scores
Albert Morales to third
Batting: RHB Barry Martínez 0-0: Ball
1-0: Ball
2-0: Ball
3-0: Called Strike
3-1: Foul Ball, location: 2F
3-2: SINGLE (Groundball, 6D)
Albert Morales scores
Jim Unknown to second
Jim Unknown to third
Batting: RHB Gilberto Patino 0-0: SINGLE (Line Drive, 8RS)
Jim Unknown scores
Barry Martínez to second
Batting: LHB Mito Rin 0-0: Ball
1-0: Ball
2-0: Called Strike
2-1: Fly out, F8 (Flyball, 8LM)
Top of the 6th over - 3 run(s), 4 hit(s), 0 error(s), 2 left on base; Bay City 3 - Salt Lake City 2
BOTTOM OF THE 6TH
Salt Lake City Buzz batting - Pitching for Bay City Bombers : LHP Gordon Wiggins
Batting: LHB Martín Núñes 0-0: Ball
1-0: Swinging Strike
1-1: Fly out, F7 (Flyball, 7S)
Batting: RHB Roberto Ríos 0-0: Ball
1-0: Ball
2-0: Called Strike
2-1: Ball
3-1: Base on Balls
Batting: SHB Shelby Reusch 0-0: Swinging Strike
0-1: Ball
1-1: Foul Ball, location: 2F
1-2: Ball
2-2: Foul Ball, location: 2F
2-2: Strikes out looking
Batting: RHB Don MacNeilage 0-0: Called Strike
0-1: Fielders Choice at 2nd, U4 (Groundball, 4M)
Bottom of the 6th over - 0 run(s), 0 hit(s), 0 error(s), 1 left on base; Bay City 3 - Salt Lake City 2
TOP OF THE 7TH
Bay City Bombers batting - Pitching for Salt Lake City Buzz : RHP Huai-yu Kan
Batting: SHB Jim Unknown 0-0: Called Strike
0-1: SINGLE (Flyball, 89S)
Batting: RHB Joe Andrews 0-0: Fielders Choice at 2nd, 2-6 (Groundball, 2R)
Batting: RHB Jim Unknown 0-0: Ball
1-0: Swinging Strike
1-1: Ball
2-1: Ball
3-1: Foul Ball, location: 2F
3-2: Foul Ball, location: 2F
3-2: SINGLE (Line Drive, 6MD)
Joe Andrews to second
Batting: LHB Bastyão Lizardo 0-0: Foul Ball, location: 2F
0-1: Ball
1-1: Foul Ball, location: 2F
1-2: Fly out, F7 (Popup, 78S)
Pitching: RHP Javier Díaz
Batting: RHB Albert Morales 0-0: Ball
1-0: Swinging Strike
1-1: Ball
2-1: Foul Ball, location: 2F
2-2: Strikes out swinging
Top of the 7th over - 0 run(s), 2 hit(s), 0 error(s), 2 left on base; Bay City 3 - Salt Lake City 2
BOTTOM OF THE 7TH
Salt Lake City Buzz batting - Pitching for Bay City Bombers : LHP Gordon Wiggins
Batting: RHB Larry Brown 0-0: SINGLE (Line Drive, 9S)
Batting: LHB George Huffman 0-0: Grounds into double play, 4-6-3 (Groundball, 4)
Batting: RHB Roger Osborne 0-0: Fly out, F9 (Flyball, 89M)
Bottom of the 7th over - 0 run(s), 1 hit(s), 0 error(s), 0 left on base; Bay City 3 - Salt Lake City 2
TOP OF THE 8TH
Bay City Bombers batting - Pitching for Salt Lake City Buzz : RHP Javier Díaz
Batting: LHB Jim Unknown 0-0: Called Strike
0-1: Ball
1-1: Ball
2-1: Fly out, F5 (Popup, 5SF)
Batting: RHB Barry Martínez 0-0: Called Strike
0-1: Ball
1-1: Fly out, F9 (Flyball, 89M)
Batting: RHB Gilberto Patino 0-0: Swinging Strike
0-1: DOUBLE (Line Drive, 9LD)
Pinch Hitting: SHB Jim Unknown 0-0: Called Strike
0-1: Ball
1-1: Ball
2-1: Ball
3-1: Called Strike
3-2: SINGLE (Flyball, 8LS)
Gilberto Patino to third
Gilberto Patino scores
Batting: SHB Jim Unknown 0-0: Foul Ball, location: 2F
0-1: Foul Ball, location: 2F
0-2: Ball
1-2: Fly out, F6 (Line Drive, 6M)
Top of the 8th over - 1 run(s), 2 hit(s), 0 error(s), 1 left on base; Bay City 4 - Salt Lake City 2
BOTTOM OF THE 8TH
Salt Lake City Buzz batting - Pitching for Bay City Bombers : LHP Gordon Wiggins
Now at SS: Jim Unknown
Batting: RHB Ichiyo Fujii 0-0: Swinging Strike
0-1: Ball
1-1: Called Strike
1-2: Ball
2-2: DOUBLE (Line Drive, 78M)
Batting: SHB Raymond Bright 0-0: Foul Ball, location: 2F
0-1: Ground out 4-3 (Groundball, 4M)
Ichiyo Fujii to third
Batting: LHB Martín Núñes 0-0: Foul Ball, location: 2F
0-1: Fly out, F6 (Popup, 6M)
Batting: RHB Roberto Ríos 0-0: Called Strike
0-1: Called Strike
0-2: Strikes out swinging
Bottom of the 8th over - 0 run(s), 1 hit(s), 0 error(s), 1 left on base; Bay City 4 - Salt Lake City 2
TOP OF THE 9TH
Bay City Bombers batting - Pitching for Salt Lake City Buzz : RHP Javier Díaz
Batting: RHB Joe Andrews 0-0: Ball
1-0: Fly out, F9 (Flyball, 89XD)
Batting: RHB Jim Unknown 0-0: Called Strike
0-1: Ball
1-1: Swinging Strike
1-2: Ball
2-2: Foul Ball, location: 2F
2-2: Ball
3-2: Foul Ball, location: 2F
3-2: Fly out, F7 (Flyball, 7M)
Batting: LHB Bastyão Lizardo 0-0: Ball
1-0: Swinging Strike
1-1: Foul Ball, location: 2F
1-2: Foul Ball, location: 2F
1-2: Ball
2-2: Foul Ball, location: 2F
2-2: Fly out, F8 (Flyball, 8RXD)
Top of the 9th over - 0 run(s), 0 hit(s), 0 error(s), 0 left on base; Bay City 4 - Salt Lake City 2
BOTTOM OF THE 9TH
Salt Lake City Buzz batting - Pitching for Bay City Bombers : LHP Gordon Wiggins
Pitching: RHP Milton Anderson
Batting: SHB Shelby Reusch 0-0: Called Strike
0-1: Ball
1-1: Ball
2-1: Ground out 4-3 (Groundball, 4)
Batting: RHB Don MacNeilage 0-0: SINGLE (Groundball, 4M)
Pinch Hitting: SHB Wayne Saunders 0-0: DOUBLE (Flyball, 89XD)
Don MacNeilage to third
Pinch Hitting: LHB Frank Bass 0-0: Ball
1-0: Fly out, F7 (Flyball, 78S)
Batting: RHB Roger Osborne 0-0: Ball
1-0: Called Strike
1-1: Ball
2-1: Ball
3-1: Foul Ball, location: 2F
3-2: Base on Balls
Batting: RHB Ichiyo Fujii 0-0: Ball
1-0: Called Strike
1-1: Foul Ball, location: 2F
1-2: Ball
2-2: Fly out, F7 (Flyball, 78M)
Bottom of the 9th over - 0 run(s), 2 hit(s), 0 error(s), 3 left on base; Bay City 4 - Salt Lake City 2
This league is powered by Out of the Park Baseball, the baseball management simulation game for PC, Mac and Linux
Friday, January 22nd, 2016 - OOTP Baseball 16.9 Build 39